AoeStats
← yomatyas94

Arabia

508722376Analyzed
2v2 RM · 8d ago on Sep 23, 2026· 59m 17s· 4 players
Game mode
Random Map
Map size
Medium (4 player)
Population
200
Speed
Normal
Resources
Standard
Victory
Conquest
Starting age
Dark Age
Ending age
Imperial Age
RankedLock teamsTeams togetherTeam positionsShared explorationLock speedFull tech treeHidden civsTurbo modeCheats
Victory
Defeat
🇮🇲 Burmese · Isle of Man
827
+16
🇨🇱 Franks · Chile
801
+16
🇦🇷 Franks · Argentina
824
-16
🇦🇷 Koreans · Argentina
824
-16
mauri90.hermosilla
7:18 Loom
11:22 Feudal Age
18:13 Castle Age
22:36 Gold Mining
23:01 Forging
22:56 Scale Barding Armor
22:52 Double-Bit Axe
28:49 Wheelbarrow
28:27 Bow Saw
28:28 Husbandry
28:52 Chain Barding Armor
28:41 Light Cavalry
30:04 Pikeman
30:48 Squires
30:52 Scale Mail Armor
32:03 Stone Mining
33:29 Iron Casting
33:47 Hand Cart
35:43 Gold Shaft Mining
41:04 Imperial Age
41:10 Chain Mail Armor
40:47 Arson
40:49 Gambesons
41:18 Cavalier
42:56 Conscription
44:12 Blast Furnace
45:15 Plate Barding Armor
46:43 Plate Mail Armor
46:40 Paladin
47:46 Elite Throwing Axeman
48:32 Chivalry
52:50 Chemistry
51:56 Siege Engineers
123
3:27 Loom
10:59 Feudal Age
13:45 Wheelbarrow
19:06 Castle Age
17:59 Horse Collar
20:17 Pikeman
21:53 Forging
21:46 Scale Mail Armor
22:49 Squires
24:07 Chain Mail Armor
26:49 Hand Cart
26:46 Heavy Plow
27:01 Gold Mining
27:15 Stone Mining
40:31 Imperial Age
52:52 Iron Casting
58:18 Blast Furnace
yomatyas94
10:50 Feudal Age
12:17 Wheelbarrow
11:29 Double-Bit Axe
18:07 Gold Mining
20:09 Stone Mining
23:34 Castle Age
22:02 Scale Barding Armor
22:07 Forging
26:37 Gold Shaft Mining
28:16 Bow Saw
30:40 Caravan
31:56 Husbandry
41:11 Imperial Age
42:46 Hand Cart
48:30 Hoardings
50:08 Cavalier
55:24 Gambesons
55:00 Pikeman
55:41 Squires
56:03 Chain Barding Armor
56:18 Iron Casting
55:46 Scale Mail Armor
55:09 Heavy Scorpion
57:52 Plate Barding Armor
57:01 Paladin
Pipeiro
9:07 Feudal Age
9:34 Double-Bit Axe
17:40 Forging
23:13 Castle Age
25:38 Bow Saw
27:02 Pikeman
29:15 Horse Collar
30:54 Wheelbarrow
33:32 Heavy Plow
34:52 Arson
35:45 Iron Casting
40:45 Hand Cart
43:58 Imperial Age
41:38 Gold Mining
44:15 Gold Shaft Mining
44:06 Heated Shot
44:37 Ballistics
44:00 Elite Fire Lancer
44:44 Scale Mail Armor
45:31 Conscription
48:27 Halberdier
49:57 Chain Mail Armor
Connection lost

Rejoining the realm…

Still unreachable

The connection could not be restored.

Session expired

The server has moved on; the page needs a fresh start.